 Dungeon Crawl Stone Soup version 0.28-a0-1152-g9c71ebef14 (webtiles) character file.

Game seed: 7667303082805995301

2151 siradein the Magician (level 9, -5/73 HPs)
             Began as a Purple Draconian Transmuter on Dec 14, 2021.
             Was an Initiate of Yredelemnul.
             Slain by a vampire mosquito (6 damage)
             ... on level 6 of the Dungeon on Dec 15, 2021.
             The game lasted 00:33:27 (5489 turns).

siradein the Magician (Purple Draconian Transmuter) Turns: 5489, Time: 00:33:28

Health: -5/73      AC:  9    Str: 15    XL:     9   Next: 10%
Magic:  17/17      EV: 13    Int: 15    God:    Yredelemnul [......]
Gold:   379        SH:  4    Dex: 12    Spells: 8/18 levels left

rFire   . . .      SeeInvis .     - Unarmed
rCold   . . .      Faith    .   c - +0 buckler
rNeg    . . .      Spirit   .   (armour unavailable)
rPois   .          Reflect  .   q - +1 hat
rElec   .          Harm     .   (no cloak)
rCorr   .          Rampage  .   (no gloves)
Will    +....                   k - +0 pair of boots
Stlth   +.........              t - amulet of regeneration
HPRegen 1.02/turn               (no ring)
MPRegen 0.15/turn               (no ring)

@: no status effects
A: breathe power, AC +7, unfitting armour, cold-blooded
a: Breathe Dispelling Energy, Renounce Religion, Recall Undead Harvest


You were on level 6 of the Dungeon.
You worshipped Yredelemnul.
Yredelemnul was noncommittal.
You visited 2 branches of the dungeon, and saw 7 of its levels.

You collected 379 gold pieces.

Inventory:

Hand Weapons
 n - the +4 dagger of Kimulobb {vorpal, Fly Will+}
   (You found it on level 4 of the Dungeon)

   It inflicts extra damage upon your enemies.
   Fly:       It grants you flight.
   Will:      It increases your willpower.
Missiles
 g - 2 atropa-tipped darts
 u - 28 poisoned darts
Armour
 c - a +0 buckler (worn)
 k - a +0 pair of boots (worn)
 q - a +1 hat (worn)
Magical Staves
 r - a staff of poison
Jewellery
 t - an amulet of regeneration (around neck)
Wands
 d - a wand of flame (22)
Scrolls
 e - a scroll of amnesia
 h - a scroll of enchant weapon {unknown}
 i - 2 scrolls of enchant armour {unknown}
 p - 4 scrolls of teleportation
 s - a scroll of fear {unknown}
 v - a scroll of holy word {unknown}
Potions
 a - a potion of berserk rage
 b - a potion of ambrosia
 f - a potion of might
 j - 4 potions of curing
 l - a potion of haste
 m - 2 potions of flight
 o - 4 potions of degeneration {unknown}


   Skills:
 + Level 4.8 Fighting
 + Level 2.6 Staves
 + Level 4.3 Dodging
 + Level 1.8 Shields
 + Level 5.2 Unarmed Combat
 + Level 5.3 Spellcasting
 + Level 4.7 Transmutations
 + Level 1.7 Ice Magic
 + Level 3.1 Poison Magic
 + Level 1.5 Invocations
 + Level 3.6 Evocations


You had 8 spell levels left.
You knew the following spells:

 Your Spells              Type           Power      Damage    Failure   Level
a - Beastly Appendage     Tmut           36%        N/A       3%          1
b - Wereblood             Tmut           18%        N/A       4%          2
c - Spider Form           Tmut/Pois      15%        N/A       12%         3
d - Ice Form              Ice/Tmut       13%        N/A       47%         4

Your spell library contained the following spells:

 Spells                   Type           Power      Damage    Failure   Level
 Ignite Poison            Fire/Tmut/Pois 11%        N/A       22%         3
 Conjure Flame            Conj/Fire      4%         6-21      52%         3
 Portal Projectile        Hex/Tloc       8%         N/A       52%         3
 Blade Hands              Tmut           9%         N/A       63%         5
 Sticky Flame             Conj/Fire      4%         2d3       90%         4
 Excruciating Wounds      Necr           2%         N/A       99%         5


Dungeon Overview and Level Annotations

Branches:
Dungeon (6/15)             Temple (1/1) D:5

Altars:
Ashenzari
Dithmenos
Fedhas
Gozag
Kikubaaqudgha
Nemelex Xobeh
Okawaru
Qazlal
Wu Jian
Xom
Yredelemnul
The Shining One

Shops:
D:2 =   D:5 :


Innate Abilities, Weirdness & Mutations

You can breathe bolts of dispelling energy.
Your rich purple scales are hard. (AC +7)
You cannot fit into any form of body armour.
You are cold-blooded and may be slowed by cold attacks.


Message History

* * * LOW HITPOINT WARNING * * *
The vampire mosquito draws strength from your injuries!
The vampire mosquito bites you.
* * * LOW HITPOINT WARNING * * *
The vampire mosquito draws strength from your injuries!
You block the vampire mosquito's attack.
The vampire mosquito barely misses you.
The vampire mosquito bites you but does no damage.
The vampire mosquito misses you. The vampire mosquito barely misses you.
The vampire mosquito barely misses you. The vampire mosquito bites you.
* * * LOW HITPOINT WARNING * * *
The vampire mosquito draws strength from your injuries!
The vampire mosquito bites you.
* * * LOW HITPOINT WARNING * * *
The vampire mosquito draws strength from your injuries!
The vampire mosquito bites you.
* * * LOW HITPOINT WARNING * * *
The vampire mosquito draws strength from your injuries!
The vampire mosquito closely misses you.
You block the vampire mosquito's attack.
The vampire mosquito bites you but does no damage.
The vampire mosquito bites you!
* * * LOW HITPOINT WARNING * * *
The vampire mosquito draws strength from your injuries!
The vampire mosquito bites you.
* * * LOW HITPOINT WARNING * * *
The vampire mosquito draws strength from your injuries!
The vampire mosquito bites you but does no damage.
The vampire mosquito bites you but does no damage.
The vampire mosquito bites you!
* * * LOW HITPOINT WARNING * * *
The vampire mosquito draws strength from your injuries!
The vampire mosquito bites you.
* * * LOW HITPOINT WARNING * * *
The vampire mosquito draws strength from your injuries!
The vampire mosquito bites you.
You die...
Your body rises from the dead as a mindless zombie.

.............>.########## ##
...#...#####.....#.....# # #.
.#.#.#####..##.#.#.### .. #.
...#.#......##.#...#
...###.#####.#.###.#..##.#...#
.....#.....#.##.....##...<.#
#..#.###.#.##).#.#########
#.##......#...........
#.......#.###y@......#
####.#.......y...#...#
######.#..#.##.....#....
.........##.##.....#
######................
#####..####..##..... #....#.##
#.........
#....#).###.###.....
+....'......# ....


You could see 2 vampire mosquitoes.

Vanquished Creatures
  3 yaks
  A vampire mosquito (D:6)
  A water moccasin (D:3)
  An ogre (D:6)
  A black bear (D:4)
  3 centaurs
  A phantom (D:5)
  A kobold brigand (D:6)
  A scorpion (D:6)
  5 wights (D:6)
  The ghost of spaghetti the Sneak, a weakling OpDe (D:5)
  2 howler monkeys
  A centaur zombie (D:5)
  3 orc priests
  A jelly (D:5)
  3 iguanas
  An orc wizard (D:4)
  Natasha (twice) (D:2)
  A scorpion zombie (D:5)
  A killer bee zombie (D:6)
  A howler monkey zombie (D:5)
  4 adders
  3 gnolls (D:4)
  An ufetubus (D:4)
  An adder skeleton (D:4)
  A worm (D:2)
  3 dart slugs
  13 orcs
  5 ball pythons
  9 endoplasms
  3 giant cockroaches
  7 goblins
  8 hobgoblins
  2 quokkas (D:1)
  5 bats
  4 frilled lizards
  18 kobolds
  9 rats
131 creatures vanquished.

Vanquished Creatures (collateral kills)
  A howler monkey skeleton (D:6)
1 creature vanquished.

Vanquished Creatures (others)
  A vampire mosquito zombie (D:6)
  2 centaur zombies (D:6)
  An adder zombie (D:6)
  4 kobold zombies (D:6)
  10 fungi (D:5)
18 creatures vanquished.

Grand Total: 150 creatures vanquished

Notes
Turn   | Place    | Note
-------+----------+-------------------------------------------
     0 | D:1      | siradein the Draconian Transmuter began the quest for the
                  | Orb.
     0 | D:1      | Reached XP level 1. HP: 16/16 MP: 3/3
   437 | D:1      | Reached XP level 2. HP: 23/23 MP: 3/5
   696 | D:1      | Learned a level 2 spell: Wereblood
   987 | D:2      | Reached XP level 3. HP: 29/29 MP: 4/6
  1052 | D:2      | Found Corhopn's Jewellery Boutique.
  1166 | D:2      | Noticed Natasha
  1178 | D:2      | Killed Natasha
  1317 | D:2      | You fall into a shaft and drop 2 floors!
  1326 | D:4      | Identified the +4 dagger of Kimulobb {vorpal, Fly Will+}
  1336 | D:3      | Found a stormy altar of Qazlal.
  1408 | D:4      | Reached XP level 4. HP: 36/36 MP: 5/7
  1520 | D:4      | Reached XP level 5. HP: 23/42 MP: 7/9
  1753 | D:4      | Noticed a black bear
  1775 | D:4      | Killed a black bear
  2210 | D:4      | Found a glowing golden altar of the Shining One.
  2655 | D:3      | Learned a level 3 spell: Spider Form
  2989 | D:3      | Reached XP level 6. HP: 49/50 MP: 10/10
  3135 | D:2      | Noticed Natasha
  3147 | D:2      | Killed Natasha
  3400 | D:3      | Noticed a water moccasin
  3436 | D:3      | Killed a water moccasin
  3564 | D:4      | Reached skill level 1 in Poison Magic
  3572 | D:4      | Learned a level 4 spell: Ice Form
  3653 | D:5      | Entered Level 5 of the Dungeon
  3681 | D:4      | Reached skill level 1 in Evocations
  3733 | D:5      | Noticed a yak
  3735 | D:5      | Noticed a yak
  3741 | D:5      | Noticed a yak
  3863 | D:4      | Your scales start taking on a rich purple colour.
  3863 | D:4      | Reached XP level 7. HP: 52/57 MP: 10/13
  3897 | D:5      | HP: 1/57 [yak (14)]
  3900 | D:5      | Killed a yak
  3972 | D:5      | Reached skill level 1 in Staves
  4012 | D:4      | Killed a yak
  4060 | D:4      | Killed a yak
  4061 | D:4      | Reached XP level 8. HP: 49/66 MP: 11/15
  4190 | D:5      | Found a staircase to the Ecumenical Temple.
  4249 | Temple   | Entered the Ecumenical Temple
  4511 | D:5      | Found Heupij's Book Emporium.
  4591 | D:5      | Found a runed translucent gate.
  4591 | D:5      | Found a runed translucent gate.
  4591 | D:5      | Found a runed translucent gate.
  4591 | D:5      | Noticed spaghetti's ghost (weakling OpDe)
  4593 | D:5      | Found a basalt altar of Yredelemnul.
  4631 | D:5      | Became a worshipper of Yredelemnul the Dark
  4660 | D:5      | Killed spaghetti's ghost
  4661 | D:5      | Reached skill level 5 in Spellcasting
  4832 | D:6      | Reached skill level 1 in Shields
  4927 | D:6      | Reached skill level 5 in Unarmed Combat
  5035 | D:6      | Reached skill level 1 in Ice Magic
  5059 | D:6      | Reached skill level 1 in Invocations
  5110 | D:6      | Reached * piety under Yredelemnul
  5291 | D:6      | Reached XP level 9. HP: 52/68 MP: 13/16
  5489 | D:6      | HP: 1/73 [vampire mosquito (6)]
  5489 | D:6      | Slain by a vampire mosquito

Illustrated notes

Levels and vault maps discovered:
D:1:      pf_arrival_petrified_forest, layout_loops_ring
D:2:      layout_rooms, serial_shops, nicolae_shop_window_shopping, uniq_natasha
D:3:      layout_basic, nicolae_overflow_hidden_temple
D:4:      layout_basic, tso_oasis_becter, item_on_display_a
D:5:      layout_rooms, nicolae_yredelemnul_ghost_church,
          minmay_temple_entry_sparse_star, serial_shops, nicolae_diamond_shop,
          serial_aquarium, aquarium_bridge_straight [aquarium_subvault_bridge,
          aquarium_subvault_balcony, aquarium_subvault_bridge,
          aquarium_subvault_wall], aquarium_window_2, aquarium_window_1,
          aquarium_view_2a, aquarium_view_2g, chequers_decorated_corner
D:6:      layout_basic
Temple:   dpeg_three_leaves_temple

Skill      XL: |  1  2  3  4  5  6  7  8 |
---------------+-------------------------+-----
Dodging        | 2 3 4 |  4.3
Fighting       | 2 3 4 |  4.8
Spellcasting   | 3 4 5 |  5.3
Transmutations | 3 4 |  4.7
Unarmed Combat | 4 5 |  5.2
Poison Magic   | 1 2 3 |  3.1
Evocations     | 1 2 3 |  3.6
Staves         | 1 2 |  2.6
Shields        | 1 |  1.8
Ice Magic      | 1 |  1.7
Invocations    | 1 |  1.5

Action                   |  1- 3 |  4- 6 |  7- 9 || total
-------------------------+-------+-------+-------++-------
Melee: Dagger            |    87 |    56 |       ||   143
       Unarmed           |     7 |    10 |   140 ||   157
       Kick              |    26 |    36 |    51 ||   113
       Headbutt          |     7 |    21 |    25 ||    53
       Tailslap          |     8 |    12 |    23 ||    43
       Staff             |       |   124 |    77 ||   201
 Cast: Beastly Appendage |    20 |    32 |    21 ||    73
       Spider Form       |       |     1 |     6 ||     7
       Wereblood         |       |     1 |     6 ||     7
 Abil: Breathe Dispellin |       |       |     1 ||     1
  Use: Scroll            |       |     5 |     2 ||     7
       Potion            |       |     1 |       ||     1
 Stab: Distracted        |       |       |     1 ||     1
Armor: Skin              |    25 |    66 |    65 ||   156
Dodge: Dodged            |    52 |   148 |   200 ||   400
Block: Buckler           |       |       |    23 ||    23

Table legend: (Time is in decaauts)
 A = Elapsed time spent in this place.
 B = Non-inter-level travel time spent in this place.
 C = Inter-level travel time spent in this place.
 D = Time resting spent in this place.
 E = Time spent auto-exploring this place.
 F = Levels seen in this place.
 G = Mean time per level.
                   A        B        C        D        E       F      G
               +--------+--------+--------+--------+--------+-----+--------+
         Total |   5541 |   5448 |     93 |    308 |   3565 |   7 |  791.6 |
       Dungeon |   5458 |   5365 |     93 |    308 |   3507 |   6 |  909.7 |
        Temple |     82 |     82 |      0 |      0 |     58 |   1 |   82.0 |
               +--------+--------+--------+--------+--------+-----+--------+

Top non-repeatable levels by time:
     D:4: 1309 daAuts
     D:3: 1079 daAuts
     D:1: 984 daAuts
     D:5: 879 daAuts
     D:2: 607 daAuts
     D:6: 597 daAuts
  Temple: 82 daAuts
